 Dungeon Crawl Stone Soup version 0.29.0-4-gdea44cf6ec (webtiles) character file.

Game seed: 10362557766768827318

35 qw the Chopper (level 3, 0/21 HPs)
             Began as a Tengu Warper on Aug 28, 2022.
             Slain by a goblin
             ... wielding a +0 dagger
              (3 damage)
             ... on level 2 of the Dungeon.
             The game lasted 00:00:03 (666 turns).

qw the Chopper (Tengu Warper)                        Turns: 666, Time: 00:00:04

Health: 0/21       AC:  3    Str: 13    XL:     3   Next: 33%
Magic:  7/7        EV: 12    Int: 13    God:
Gold:   26         SH:  0    Dex: 13    Spells: 6/6 levels left

rFire   . . .      SeeInvis .   a - +0 hand axe
rCold   . . .      Faith    .   (no shield)
rNeg    . . .      Spirit   .   b - +0 leather armour
rPois   .          Reflect  .   (helmet restricted)
rElec   .          Harm     .   (no cloak)
rCorr   .          Rampage  .   (no gloves)
Will    .....                   (boots unavailable)
Stlth   +.........              (no amulet)
HPRegen 0.07/turn               (no ring)
MPRegen 0.10/turn               (no ring)

@: lethally poisoned (0 -> -3)
A: beak, talons 3
a: no special abilities


You were on level 2 of the Dungeon.
You visited 1 branch of the dungeon, and saw 2 of its levels.

You collected 26 gold pieces.


Innate Abilities, Weirdness & Mutations

You have a beak for a mouth.
You have claws for feet.


   Skills:
 - Level 2.0 Fighting
 + Level 4.0 Axes
 - Level 1.0 Throwing
 - Level 1.1 Armour
 - Level 2.1 Dodging
 - Level 2.0 Spellcasting
 - Level 2.4 Translocations


You had 6 spell levels left.
You didn't know any spells.
Your spell library contained the following spells:

 Spells                   Type           Power      Damage    Failure   Level
 Blink                    Tloc           14%        N/A       19%         2
 Gell's Gravitas          Tloc           7%         N/A       36%         3
 Lesser Beckoning         Tloc           7%         N/A       36%         3
 Teleport Other           Tloc           7%         N/A       36%         3
 Manifold Assault         Tloc           7%         N/A       98%         5

Inventory:

Hand Weapons
 a - a +0 hand axe (weapon)
 e - a +0 club
Armour
 b - a +0 leather armour (worn)
Scrolls
 c - a scroll of blinking
Potions
 d - a potion of lignification {unknown}
 f - a potion of attraction {unknown}
 g - a potion of mutation {unknown}
 h - a potion of curing {unknown}

Dungeon Overview and Level Annotations

Branches:
Dungeon (1/15)

Altars:


Message History

You hit the adder. You peck the adder.
The adder is almost dead.
You closely miss the adder.
You feel sick.
A bat comes into view.
The adder bites you. The adder closely misses you.
The adder bites you but does no damage.
You miss the adder. Your kick misses the adder.
The adder is almost dead.
You closely miss the adder.
You feel sick. The adder bites you.
You are more poisoned.
The adder poisons you! The adder bites you but does no damage.
You barely miss the adder. You claw the adder.
You kill the adder!
You hit the ball python but do no damage.
You barely miss the adder.
You feel sick.
The ball python bites you but does no damage.
The ball python grabs you. The ball python constricts you.
The adder misses you. The bat closely misses you.
Your Axes skill increases to level 4!
You barely miss the ball python.
You punch the ball python, but do no damage.
You closely miss the bat. You closely miss the adder.
You feel sick. The bat closely misses you. The bat barely misses you.
The adder closely misses you. The ball python bites you.
The ball python constricts you. The adder bites you but does no damage.
The ball python barely misses you. The ball python constricts you.
You hit the ball python.
You kill the ball python!
You hit the bat but do no damage. You hit the adder but do no damage.
You feel sick. The bat hits you but does no damage. x2
The adder bites you but does no damage.
You closely miss the adder. You claw the adder.
The adder is heavily wounded.
You hit the bat. You hit the goblin.
You feel sick. The bat barely misses you. The adder misses you.
The goblin hits you with a +0 dagger.
You die...

#.########
#.##.....#
#####..#.....#
#............#
#............#
#............###
#..............#
#............#.#####
#........#####..@b.#
#...###### ###gS.#
#... ....# ##.#.#
.#...# # #..# .. ..#


You could see an adder, a goblin and a bat.

Vanquished Creatures
  2 adders (D:2)
  2 endoplasms (D:1)
  2 goblins (D:1)
  3 hobgoblins (D:1)
  2 ball pythons
  3 bats
  2 frilled lizards (D:1)
  2 rats (D:1)
18 creatures vanquished.

Notes
Turn   | Place    | Note
-------+----------+-------------------------------------------
     0 | D:1      | qw the Tengu Warper began the quest for the Orb.
     0 | D:1      | Reached XP level 1. HP: 12/12 MP: 4/4
     0 | D:1      | 0 ||| qw: Version: 0.1-a-89-g26bdef1
     0 | D:1      | 0 ||| qw: Game counter: 2438
     0 | D:1      | 0 ||| qw: Always use a shield: true
     0 | D:1      | 0 ||| qw: God list: Okawaru
     0 | D:1      | 0 ||| qw: Allow faded altars: false
     0 | D:1      | 0 ||| qw: Do Orc after D:15 true
     0 | D:1      | 0 ||| qw: Do second Lair branch before Depths: true
     0 | D:1      | 0 ||| qw: Lair rune preference: random
     0 | D:1      | 0 ||| qw: Plans: Normal
     0 | D:1      | 0 ||| PLANNING D:1-11
   174 | D:1      | 174 ||| Stepping ~*~*~tactically~*~*~ (stealth).
   175 | D:1      | 175 ||| Stepping ~*~*~tactically~*~*~ (stealth).
   214 | D:1      | 214 ||| Stepping ~*~*~tactically~*~*~ (stealth).
   219 | D:1      | 219 ||| Stepping ~*~*~tactically~*~*~ (stealth).
   380 | D:1      | Reached skill level 3 in Axes
   380 | D:1      | Reached XP level 2. HP: 17/17 MP: 6/6
   510 | D:1      | You fall into a shaft and drop 1 floor!
   534 | D:2      | Reached XP level 3. HP: 17/21 MP: 7/7
   664 | D:2      | Reached skill level 4 in Axes
   664 | D:2      | HP: 5/21 [ball python (1)]
   666 | D:2      | Slain by a goblin

Levels and vault maps discovered:
D:1:      giann_wishing_wells, layout_basic
D:2:      layout_basic, minmay_small_reverse_x

Skill      XL: |  1  2  3 |
---------------+----------+-----
Axes           | 3 4 |  4.0
Fighting       | |  2.0
Throwing       | |  1.0
Armour         | |  1.1
Dodging        | |  2.1
Spellcasting   | |  2.0
Translocations | |  2.4

Action                   || total
-------------------------++-------
Melee: Hand axe          ||    37
       Kick              ||    10
       Peck              ||     8
       Punch             ||     2
Throw: Boomerang         ||     7
Armor: Leather armour    ||    13
Dodge: Dodged            ||    23

Table legend:
 A = Non-vault XP
 B = Vault XP
 C = Vault XP percentage of total XP
 D = Non-vault monster count
 E = Vault monster count
 F = Vault count percentage of total count
                 A         B        C        D         E       F
            +---------+---------+-------+---------+---------+-------
      Total |      35 |      15 |  30.0 |      16 |       2 |  11.1
            +---------+---------+-------+---------+---------+-------
        D:1 |      21 |       0 |   0.0 |      14 |       0 |   0.0
        D:2 |      14 |      15 |  51.7 |       2 |       2 |  50.0
            +---------+---------+-------+---------+---------+-------
